AoeStats
← Onestepbeyond

Oasis

507745281Analyzed
2v2 RM · 13d ago on Sep 19, 2026· 37m 4s· 4 players
Game mode
Random Map
Map size
Medium (4 player)
Population
200
Speed
Normal
Resources
Standard
Victory
Conquest
Starting age
Dark Age
Ending age
Imperial Age
RankedLock teamsTeams togetherTeam positionsShared explorationLock speedFull tech treeHidden civsTurbo modeCheats
Victory
Defeat
🇫🇷 Bulgarians · France
962
+15
🇺🇸 Romans · United States
902
+17
🇨🇱 Franks · Chile
941
-16
🇨🇱 Cumans · Chile
940
-16
pablodespiau
10:59 Feudal Age
11:48 Double-Bit Axe
14:48 Horse Collar
18:04 Forging
18:08 Bloodlines
19:58 Fletching
20:39 Padded Archer Armor
24:22 Scale Mail Armor
28:00 Gold Mining
31:54 Castle Age
bryan.serrailler
8:52 Loom
11:07 Feudal Age
16:16 Wheelbarrow
15:49 Double-Bit Axe
20:15 Castle Age
20:43 Scale Barding Armor
21:59 Hand Cart
23:42 Gold Mining
23:46 Stone Mining
25:45 Forging
29:15 Gold Shaft Mining
28:28 Pikeman
29:49 Bow Saw
31:29 Chain Barding Armor
33:36 Husbandry
37:49 Imperial Age
M3TAL JUNKI3xXx
0:27 Loom
12:11 Feudal Age
12:43 Town Watch
12:47 Double-Bit Axe
12:44 Horse Collar
22:59 Fletching
23:10 Scale Mail Armor
23:20 Forging
26:05 Castle Age
23:46 Man-at-Arms
26:32 Long Swordsman
27:16 Squires
26:36 Pikeman
27:22 Gold Mining
27:22 Stone Mining
27:39 Heavy Plow
27:55 Bow Saw
28:05 Chain Mail Armor
29:37 Wheelbarrow
31:27 Gold Shaft Mining
33:34 Iron Casting
37:42 Hand Cart
Onestepbeyond
8:48 Loom
12:51 Feudal Age
20:24 Castle Age
19:02 Double-Bit Axe
19:00 Horse Collar
19:12 Gold Mining
20:23 Forging
20:19 Stone Mining
20:37 Scale Mail Armor
20:31 Arson
21:17 Arson
25:38 Scale Barding Armor
27:48 Wheelbarrow
26:59 Town Watch
31:33 Heavy Plow
34:24 Husbandry
34:34 Bloodlines
34:54 Chain Barding Armor
35:16 Gold Shaft Mining
34:53 Bow Saw
35:25 Stone Shaft Mining
34:34 Light Cavalry
36:04 Hand Cart
39:17 Imperial Age
37:09 Town Patrol
Connection lost

Rejoining the realm…

Still unreachable

The connection could not be restored.

Session expired

The server has moved on; the page needs a fresh start.